Map: Habitation Station LE (Void)

Players

TYTY (TY) - Winner!

  • Race: Terran Terran
  • League: Diamond
  • Spawn Location: 1:00

Maru

  • Race: Terran Terran
  • League: Diamond
  • Spawn Location: 11:00

Event: WESG 2016 Finals

VOD

Have the link to the VOD?

Description

Time

  • Played on: Jan. 15, 2017, 8:41 p.m.
  • Length: 6:00

All games in this series

Show
View Real Time Build Order
Export as new Build Order

TYTY Terran - Winner!

Build Orders: 1/1/1, Cyclone Opening 

Get SALT Encoding   

  12  0:00  SCV  
  13  0:12  SCV  
  14  0:17  Supply Depot  
  14  0:25  SCV  
  14  0:27  Refinery  
  15  0:38  SCV  
  16  0:44  Barracks  
  16  0:50  SCV  
  16  0:54  Refinery  
  17  1:03  SCV  
  18  1:15  SCV  
  19  1:32  Orbital Command  
  19  1:33  Factory  
  19  1:34  Reaper  
  20  1:45  Supply Depot  
  20  1:58  SCV  
  21  2:06  Reaper  
  22  2:10  SCV  
  23  2:17  Cyclone  
  23  2:20  Starport  
  23  2:22  SCV  
  27  2:34  Supply Depot, SCV  
  28  2:41  Barracks Tech Lab  
  28  2:47  SCV  
  29  3:01  SCV  
  30  3:10  Raven  
  32  3:13  Command Center  
  32  3:14  Widow Mine, Barracks Reactor  
  34  3:21  SCV  
  35  3:28  Supply Depot  
  35  3:33  SCV  
  35  3:43  Cyclone  
  35  3:46  SCV  
  39  3:53  Viking  
  41  3:58  SCV  
  42  4:06  Marine x2  
  42  4:09  Supply Depot  
  44  4:10  SCV  
  45  4:17  Factory Tech Lab  
  45  4:22  SCV  
  45  4:23  Marine  
  47  4:24  Marine  
  47  4:28  Orbital Command  
  48  4:34  SCV  
  48  4:37  Siege Tank  
  52  4:46  SCV  
  52  4:52  Viking x2  
  57  4:57  Marine  
  53  5:07  SCV x2  
  53  5:09  Siege Tank  
  58  5:20  SCV x2  
  58  5:24  Viking  
  58  5:26  Marine  
  58  5:27  Refinery  
  59  5:33  Barracks  
  59  5:34  Barracks, SCV x2  
  63  5:46  SCV x2  
Show
View Real Time Build Order
Export as new Build Order

Maru Terran 

Build Orders: 1/1/1, Cyclone Opening 

Get SALT Encoding   

  12  0:00  SCV  
  13  0:12  SCV  
  14  0:17  Supply Depot  
  14  0:24  SCV  
  15  0:29  Refinery  
  15  0:38  SCV  
  16  0:44  Barracks  
  16  0:50  SCV  
  16  0:54  Refinery  
  17  1:02  SCV  
  18  1:15  SCV  
  19  1:31  Orbital Command, Reaper  
  20  1:34  Factory  
  20  1:47  Supply Depot  
  20  1:57  SCV  
  21  2:03  Reaper  
  22  2:09  SCV  
  23  2:17  Cyclone  
  23  2:19  Starport  
  23  2:21  SCV  
  27  2:28  Supply Depot  
  27  2:33  SCV  
  28  2:44  Barracks Tech Lab  
  28  2:45  SCV  
  28  2:52  Cyclone  
  28  2:57  SCV  
  28  2:58  Viking  
  34  3:05  Supply Depot  
  34  3:14  SCV  
  34  3:16  Marine  
  36  3:34  Command Center  
  36  3:35  SCV  
  36  3:40  Barracks Reactor  
  37  3:47  SCV, Raven  
  37  3:48  Factory Tech Lab  
  40  3:59  SCV  
  37  4:11  SCV  
  38  4:18  Command Center  
  38  4:21  Siege Tank  
  38  4:23  SCV  
  42  4:35  SCV  
  43  4:43  Viking  
  43  4:45  Viking  
  47  4:52  Orbital Command  
  47  4:54  SCV  
  48  5:02  Reaper  
  48  5:06  SCV  
  34  5:19  SCV  
  33  5:22  Viking  
  33  5:24  SCV  
  34  5:31  SCV  
  34  5:34  Marine  
  39  5:43  SCV  
Tags
 
Add a new tag
Caveats
  • Supply blocks, unpowered buildings, or Contaminate may cause inaccurate times.
  • Supply counts are checked every 10 seconds.